AoeStats
← michaelcliche1993

Nomad

507612036Analyzed
2v2 RM · 12d ago on Sep 19, 2026· 33m 26s· 4 players
Game mode
Random Map
Map size
176×176
Population
200
Speed
Normal
Resources
Standard
Victory
Conquest
Starting age
Dark Age
Ending age
Imperial Age
RankedLock teamsTeams togetherTeam positionsShared explorationLock speedFull tech treeHidden civsTurbo modeCheats
Victory
Defeat
🇲🇽 Franks · Mexico
844
+9
🇦🇷 Goths · Argentina
629
+16
🇨🇦 Spanish · Canada
681
-13
🇨🇦 Vietnamese · Canada
653
-12
g.crou7
16:05 Feudal Age
16:45 Double-Bit Axe
23:19 Castle Age
25:12 Scale Mail Armor
25:24 Forging
michaelcliche1993
11:17 Loom
14:42 Feudal Age
15:19 Double-Bit Axe
17:09 Wheelbarrow
17:42 Fishing Lines
19:25 Town Watch
23:06 Castle Age
23:42 Horse Collar
25:51 Fletching
28:36 Hand Cart
30:04 Bodkin Arrow
coptel22
13:09 Feudal Age
15:31 Man-at-Arms
16:15 Fishing Lines
17:57 Double-Bit Axe
17:55 Horse Collar
26:56 Castle Age
28:44 Forging
28:34 Scale Mail Armor
28:39 Heavy Plow
28:51 Bow Saw
28:34 Gold Mining
28:34 Stone Mining
28:37 Gillnets
32:49 Squires
33:31 Iron Casting
33:12 Chain Mail Armor
33:11 Anarchy
33:07 Loom
33:58 Wheelbarrow
Oscar robles176
12:41 Loom
15:10 Feudal Age
15:57 Fishing Lines
18:01 Double-Bit Axe
25:26 Castle Age
29:23 Scale Barding Armor
29:29 Forging
30:38 Fletching
Connection lost

Rejoining the realm…

Still unreachable

The connection could not be restored.

Session expired

The server has moved on; the page needs a fresh start.